 Dungeon Crawl Stone Soup version 0.26.1-11-gd32895ea62 (webtiles) character file.

Game seed: 10320139772903181494

24054 infcreate the Unseen (level 12, -32/71 HPs)
             Began as a Vampire Enchanter on June 29, 2021.
             Was a High Priest of Dithmenos.
             Annihilated by Rupert
             ... wielding a +4 vorpal battleaxe
              (44 damage)
             ... on level 3 of the Lair of Beasts.
             The game lasted 01:07:22 (17643 turns).

infcreate the Unseen (Vampire Enchanter)           Turns: 17643, Time: 01:07:23

Health: -32/71     AC:  8    Str:  7    XL:     12   Next: 77%
Magic:  16/22      EV: 21    Int: 25    God:    Dithmenos [*****.]
Gold:   990        SH:  7    Dex: 18    Spells: 12/24 levels left

rFire    + + .     SeeInvis +   m - +2 dagger (vorpal)
rCold    + + +     Faith    .   t - +2 buckler
rNeg     + + +     Spirit   .   a - +2 robe {Will+}
rPois    ∞         Reflect  .   r - +1 helmet
rElec    .         Harm     .   z - scarf {rC+ rF+}
rCorr    .         Rampage  .   k - +0 pair of gloves
Will     ++...                  E - +0 pair of boots Stlth ***+++++++
                                (no amulet)
HPRegen  0.00/turn              F - ring of protection from fire
MPRegen  0.18/turn              I - +6 ring of intelligence

@: confusing touch, bloodless, wreathed by umbra
A: fangs 3, see invisible, unbreathing
a: Bat Form, Revivify, Renounce Religion, Shadow Step, Shadow Form


You were on level 3 of the Lair of Beasts.
You worshipped Dithmenos.
Dithmenos was extremely pleased with you.
You visited 2 branches of the dungeon, and saw 14 of its levels.

You collected 990 gold pieces.


Innate Abilities, Weirdness & Mutations

You do not regenerate when monsters are visible.
You are frail without blood (-20% HP).
You can heal yourself when you bite living creatures.
You are immune to poison.
You have razor-sharp teeth.
You have supernaturally acute eyesight. (SInv)
You can survive without breathing.


   Skills:
 + Level 6.3 Fighting
 * Level 10.8 Short Blades
 * Level 11.1 Dodging
 * Level 15.0 Stealth
 - Level 4.0 Shields
 + Level 6.7 Spellcasting
 * Level 12.0 Hexes


You had 12 spell levels left.
You knew the following spells:

 Your Spells              Type           Power        Failure   Level
c - Corona                Hex            68%          1%          1
d - Tukima's Dance        Hex            62%          1%          3
e - Ensorcelled Hibernat  Hex/Ice        76%          1%          2
f - Dazzling Flash        Conj/Hex       76%          1%          3
t - Confusing Touch       Hex            62%          1%          3

Your spell library contained the following spells:

 Spells                   Type           Power        Failure   Level
 Animate Skeleton         Necr           16%          7%          1
 Apportation              Tloc           16%          7%          1
 Sandblast                Erth           16%          7%          1
 Summon Small Mammal      Summ           32%          7%          1
 Passwall                 Tmut/Erth      6%           11%         2
 Stone Arrow              Conj/Erth      16%          21%         3
 Petrify                  Tmut/Erth      8%           56%         4
 Lee's Rapid Deconstruct  Erth           4%           88%         5

Inventory:

Hand Weapons
 m - a +2 vorpal dagger (weapon)
 s - a +3 short sword of venom
Missiles
 L - 2 throwing nets {=f}
Armour
 a - a +2 robe of willpower (worn)
 k - a +0 pair of gloves (worn)
 r - a +1 helmet (worn)
 t - a +2 buckler (worn)
 z - a scarf of resistance (worn)
 E - a +0 pair of boots (worn)
Jewellery
 C - an uncursed ring of ice
 F - a ring of protection from fire (left hand)
 I - a +6 ring of intelligence (right hand)
 S - a +6 ring of strength
Wands
 e - a wand of polymorph (9)
 v - a wand of random effects (10)
 w - a wand of flame (7)
 G - a wand of paralysis (6)
 H - a wand of digging (7)
 K - a wand of iceblast (8)
Scrolls
 c - 8 scrolls of teleportation {@r4}
 f - 2 scrolls of immolation
 j - 8 scrolls of magic mapping
 l - 15 scrolls of identify {@r1}
 o - a scroll of amnesia
 x - 3 scrolls of fog
 y - a scroll of fear
 D - 2 scrolls of remove curse {@r2}
Potions
 b - a potion of ambrosia {unknown}
 d - 2 potions of lignification {unknown}
 g - 4 potions of mutation
 h - a potion of might {unknown}
 i - 5 potions of curing {@q1}
 n - 3 potions of attraction
 p - 2 potions of brilliance {unknown}
 q - 5 potions of flight
 u - 4 potions of heal wounds {unknown}
 A - a potion of berserk rage {unknown}
 J - a potion of magic {unknown}
 M - 3 potions of degeneration {unknown}
 N - a potion of haste {@q3}

Dungeon Overview and Level Annotations

Branches:
Dungeon (11/15)            Temple (0/1) D:7            Lair (3/6) D:10
  Snake (0/4) Lair:3
  Swamp: Lair:2-4    Shoals: Lair:2-4       Orc: D:9-12

Altars:
Cheibriados
Dithmenos
Elyvilon
Gozag
Hepliaklqana
Makhleb
Ru
Sif Muna
Uskayaw
Yredelemnul
Zin

Shops:
D:7 !

Portals:
Trove: D:11 (give +3 fire dragon scales)

Annotations:
D:7 Maggie
Lair:3 Rupert

............>...#
#.......###.P#...#
........# #####..#
+.......P ##..#
#.......## #...##
.........# ##...#
..F...".. #...#
..##....##### #...#
#@.....#...###@.##
###.......[..@..#
#..............##
##.............P# #
##..............#
.###P.......PP###.##
.≈≈≈≈≈≈....=.####.#
≈≈≈≈≈≈≈.....## #..#
≈≈...≈≈≈....P# #..#


You could see Rupert (berserk).


Message History

Rupert is no longer blind.
Rupert hits you with a +4 vorpal battleaxe!
Casting: Dazzling Flash (safe; 1% risk of failure)
Confirm with . or Enter, or press ? or * to list all spells.
Your hands begin to glow red.
Rupert hits you with a +4 vorpal battleaxe!!
You hit Rupert but do no damage.
Rupert is moderately wounded.
Rupert misses you.
You hit Rupert but do no damage.
Rupert is moderately wounded.
You hit Rupert but do no damage.
Rupert is moderately wounded.
You block Rupert's attack.
You hit Rupert but do no damage.
Rupert is moderately wounded.
You hit Rupert but do no damage.
Rupert is moderately wounded.
Rupert hits you with a +4 vorpal battleaxe!!
* * * LOW HITPOINT WARNING * * *
x2 You hit Rupert but do no damage.
Rupert is moderately wounded.
Rupert completely misses you.
You hit Rupert but do no damage.
Rupert is moderately wounded.
You completely miss Rupert. You bite Rupert, but do no damage.
Rupert is moderately wounded.
Rupert hits you with a +4 vorpal battleaxe!!!
Ouch! That really hurt!
You die...

Skill      XL: |  1  2  3  4  5  6  7  8  9 10 11 12 |
---------------+-------------------------------------+-----
Stealth        | 5 6 8 9 10 12 13 15 | 15.0
Short Blades   | 2 3 4 5 7 8 9 10 | 10.8
Hexes          | 5 6 7 8 9 10 12 | 12.0
Dodging        | 3 4 5 6 7 8 10 11 | 11.1
Fighting       | 1 2 3 4 5 6 |  6.3
Spellcasting   | 3 4 5 6 |  6.7
Shields        | 1 2 3 4 |  4.0

Action                   |  1- 3 |  4- 6 |  7- 9 | 10-12 || total
-------------------------+-------+-------+-------+-------++-------
Melee: Dagger            |    85 |   163 |   277 |   457 ||   982
       Bite              |     4 |    13 |    27 |    42 ||    86
 Cast: Corona            |    14 |     4 |     1 |     2 ||    21
       Ensorcelled Hiber |    13 |    52 |    85 |   133 ||   283
       Confusing Touch   |       |     6 |    19 |    43 ||    68
       Dazzling Flash    |       |       |       |     1 ||     1
 Abil: Exsanguinate      |     1 |       |       |       ||     1
  Use: Scroll            |       |     4 |    13 |    13 ||    30
       Potion            |       |       |       |     1 ||     1
 Stab: Sleeping          |    20 |    45 |    80 |   117 ||   262
       Confused          |       |     7 |    19 |    43 ||    69
       Distracted        |       |     1 |       |       ||     1
       Invisible         |       |       |       |     1 ||     1
Armor: Robe              |     7 |    20 |    30 |    68 ||   125
Dodge: Dodged            |    42 |    94 |   159 |   359 ||   654
Block: Buckler           |       |       |       |    49 ||    49

Levels and vault maps discovered:
D:1:      dpeg_arrival_radiant, layout_loops_ring, serial_aquarium,
          aquarium_bridge_island_small [aquarium_subvault_small_open,
          aquarium_subvault_balcony, aquarium_subvault_window,
          aquarium_subvault_bridge, aquarium_subvault_wall],
          aquarium_window_corridor_3, aquarium_window_1, aquarium_view_2c,
          aquarium_balcony_double_2, aquarium_pool_four
D:2:      minmay_thinvault, layout_loops_ring, overflow_temple_1_default,
          grunt_gozag_breadcrumbs, grunt_ministairs_4, grunt_decor_mini_mirrors,
          uniq_sigmund
D:3:      layout_basic, kennysheep_slug_shrine
D:4:      layout_loops_ring, hangedman_ru_absence, kennysheep_mini,
          minmay_cupped, uniq_ijyb, uniq_robin
D:5:      layout_layer_cave, makhleb_grotto_becter, lemuel_round_altar,
          minmay_strange_pillars, minivault_1, kennysheep_dice
D:6:      layout_basic, general_overflow_altar, marbit_many_paths,
          serial_corexii_hall, corexii_hall_statues_x,
          chequers_hall_statues_wall_a, corexii_hall_statues_t,
          corexii_hall_statues_x, corexii_hall_statues_i, corexii_hall_statues_i
D:7:      minmay_general_purpose_star, layout_basic, lemuel_crystal_altar,
          minmay_temple_entry_sparse_star, serial_shops, shop, uniq_maggie,
          uniq_duvessa
D:8:      layout_loops_cross, minmay_orc_keep, uniq_maurice, uniq_psyche
D:9:      layout_roguey, old_standard_altar, hangedman_incinerator
D:10:     layout_small_grid, erik_lair_dragon, evilmike_minifort, uniq_harold
D:11:     layout_cave_pools, nicolae_trove_entry_free_sample
Lair:1:   layout_cave_pods, st_stairs_4, lemuel_fruit_fields, grunt_megastairs_5
Lair:2:   layout_gridlike, chequers_serial_rivers_marsh, minivault_24,
          guppyfry_lair_drakes
Lair:3:   layout_chaotic_city, guppyfry_snake_entry_island, lemuel_old_faithful,
          serial_bayou_shore_b, uniq_rupert

Notes
Turn   | Place    | Note
-------+----------+-------------------------------------------
     0 | D:1      | infcreate the Vampire Enchanter began the quest for the
                  | Orb.
     0 | D:1      | Reached XP level 1. HP: 13/13 MP: 3/3
   520 | D:1      | Reached XP level 2. HP: 12/15 MP: 1/5
   523 | D:1      | Learned a level 2 spell: Ensorcelled Hibernation
  1196 | D:1      | Reached skill level 5 in Stealth
  1371 | D:1      | Reached XP level 3. HP: 20/20 MP: 0/6
  2098 | D:2      | Reached skill level 2 in Short Blades
  2136 | D:2      | Reached skill level 5 in Hexes
  2136 | D:2      | Reached XP level 4. HP: 24/24 MP: 7/7
  2172 | D:2      | Reached skill level 3 in Dodging
  2552 | D:2      | Learned a level 3 spell: Confusing Touch
  2575 | D:2      | Found an opulent altar of Gozag.
  2754 | D:2      | Noticed Sigmund
  2820 | D:2      | Found a basalt altar of Yredelemnul.
  2878 | D:2      | Reached skill level 1 in Fighting
  3693 | D:3      | Reached XP level 5. HP: 29/29 MP: 8/8
  3948 | D:3      | Found a snail-covered altar of Cheibriados.
  4272 | D:4      | Learned a level 3 spell: Tukima's Dance
  4296 | D:4      | Reached skill level 3 in Short Blades
  4296 | D:4      | Reached skill level 6 in Stealth
  4422 | D:4      | Reached XP level 6. HP: 34/34 MP: 6/9
  4709 | D:4      | Noticed Ijyb
  4752 | D:3      | Reached skill level 4 in Dodging
  4752 | D:3      | Reached skill level 6 in Hexes
  4822 | D:4      | Killed Ijyb
  5324 | D:4      | Reached XP level 7. HP: 31/39 MP: 4/11
  5397 | D:4      | Noticed Robin
  5763 | D:4      | Killed Robin
  5843 | D:4      | Reached skill level 7 in Stealth
  5931 | D:4      | Found a sacrificial altar of Ru.
  5956 | D:4      | Found a shadowy altar of Dithmenos.
  5964 | D:4      | Became a worshipper of Dithmenos the Shadowed
  6471 | D:5      | Entered Level 5 of the Dungeon
  6509 | D:5      | Reached skill level 2 in Fighting
  6509 | D:5      | Reached skill level 3 in Spellcasting
  6720 | D:5      | Reached skill level 4 in Short Blades
  6786 | D:5      | Reached skill level 7 in Hexes
  7054 | D:5      | Reached skill level 5 in Dodging
  7193 | D:5      | Learned a level 3 spell: Dazzling Flash
  7308 | D:5      | Reached skill level 8 in Stealth
  7308 | D:5      | Reached XP level 8. HP: 45/45 MP: 12/12
  7375 | D:5      | Found a hazy altar of Hepliaklqana.
  7585 | D:2      | Killed Sigmund
  7875 | D:5      | Reached skill level 5 in Short Blades
  8189 | D:5      | Reached * piety under Dithmenos
  8190 | D:5      | Reached skill level 8 in Hexes
  8397 | D:5      | Found a burning altar of Makhleb.
  8737 | D:6      | Reached skill level 9 in Stealth
  8859 | D:6      | Reached skill level 3 in Fighting
  8982 | D:6      | Found a hide-covered altar of Uskayaw.
  9229 | D:6      | Found a white marble altar of Elyvilon.
  9282 | D:6      | Reached skill level 6 in Dodging
  9301 | D:6      | Reached skill level 1 in Shields
  9407 | D:7      | Found Honios's Distillery.
  9506 | D:7      | Reached XP level 9. HP: 50/50 MP: 5/14
  9759 | D:7      | Noticed Maggie
  9984 | D:7      | Found a staircase to the Ecumenical Temple.
 10051 | D:7      | Noticed Dowan
 10051 | D:7      | Noticed Duvessa
 10077 | D:7      | Killed Duvessa
 10088 | D:7      | Killed Dowan
 10089 | D:7      | Reached skill level 6 in Short Blades
 10089 | D:7      | Reached skill level 4 in Spellcasting
 10134 | D:7      | Found a shimmering blue altar of Sif Muna.
 10192 | D:7      | Reached ** piety under Dithmenos
 10714 | D:8      | Reached skill level 10 in Stealth
 10763 | D:8      | Reached skill level 2 in Shields
 10795 | D:8      | Reached skill level 7 in Dodging
 10927 | D:8      | Reached skill level 9 in Hexes
 11087 | D:8      | Noticed Maurice
 11108 | D:8      | Killed Maurice
 11147 | D:8      | Reached skill level 7 in Short Blades
 11258 | D:8      | Noticed Psyche
 11275 | D:8      | Killed Psyche
 11276 | D:8      | Reached skill level 4 in Fighting
 11276 | D:8      | Reached XP level 10. HP: 56/56 MP: 16/16
 11298 | D:8      | Reached skill level 11 in Stealth
 11586 | D:9      | Found a glowing silver altar of Zin.
 11819 | D:9      | Reached *** piety under Dithmenos
 12011 | D:9      | Reached skill level 3 in Shields
 12324 | D:9      | Reached skill level 8 in Dodging
 12957 | D:10     | Entered Level 10 of the Dungeon
 12969 | D:10     | Noticed a centaur warrior
 12997 | D:10     | Noticed Harold
 13045 | D:10     | Reached skill level 8 in Short Blades
 13045 | D:10     | Reached skill level 5 in Spellcasting
 13100 | D:10     | Reached skill level 12 in Stealth
 13379 | D:10     | Killed Harold
 13380 | D:10     | Reached skill level 10 in Hexes
 13380 | D:10     | Reached XP level 11. HP: 62/62 MP: 13/18
 13389 | D:10     | Killed a centaur warrior
 13694 | D:10     | Reached **** piety under Dithmenos
 13695 | D:10     | Reached skill level 9 in Dodging
 13745 | D:10     | Reached skill level 5 in Fighting
 14001 | D:10     | Noticed an unseen horror
 14011 | D:10     | Killed an unseen horror
 14012 | D:10     | Reached skill level 4 in Shields
 14043 | D:10     | Found a staircase to the Lair.
 14057 | D:10     | Reached skill level 9 in Short Blades
 14363 | D:10     | Reached skill level 13 in Stealth
 14531 | D:10     | Identified a scarf of resistance (You found it on level 10
                  | of the Dungeon)
 14561 | D:10     | Noticed an unseen horror
 14564 | D:10     | Killed an unseen horror
 14594 | D:11     | Noticed a two-headed ogre
 14810 | D:11     | Noticed a two-headed ogre
 14819 | D:11     | Killed a two-headed ogre
 15023 | D:11     | Killed a two-headed ogre
 15024 | D:11     | Reached skill level 10 in Dodging
 15024 | D:11     | Reached skill level 6 in Spellcasting
 15207 | D:11     | Noticed a two-headed ogre
 15214 | D:11     | Killed a two-headed ogre
 15215 | D:11     | Reached XP level 12. HP: 69/69 MP: 21/21
 15228 | D:11     | Reached skill level 11 in Hexes
 15257 | D:11     | Found a portal to a secret trove of treasure.
 15276 | D:11     | Reached skill level 10 in Short Blades
 15372 | D:11     | Reached skill level 14 in Stealth
 15633 | Lair:1   | Entered Level 1 of the Lair of Beasts
 15645 | Lair:1   | Noticed a five-headed hydra
 15938 | Lair:1   | Reached skill level 6 in Fighting
 16456 | Lair:1   | Killed a five-headed hydra
 16638 | Lair:1   | Reached ***** piety under Dithmenos
 17241 | Lair:2   | Reached skill level 11 in Dodging
 17456 | Lair:3   | Found a staircase to the Snake Pit.
 17467 | Lair:3   | Noticed an eight-headed hydra
 17482 | Lair:3   | Killed an eight-headed hydra
 17483 | Lair:3   | Reached skill level 15 in Stealth
 17483 | Lair:3   | Reached skill level 12 in Hexes
 17570 | Lair:3   | Noticed Rupert
 17643 | Lair:3   | Annihilated by Rupert

Vanquished Creatures
  Harold (D:10)
  2 hydras
  A centaur warrior (D:10)
  3 two-headed ogres (D:11)
  2 unseen horrors (D:10)
  A manticore (D:11)
  A cyclops (D:11)
  Maurice (D:8)
  6 cane toads
  Psyche (D:8)
  4 komodo dragons
  3 trolls (D:10)
  A hornet (D:8)
  A blink frog (Lair:2)
  Sigmund (D:2)
  5 wyverns
  23 yaks
  4 fire bats (D:9)
  2 basilisks (D:10)
  2 acid dragons
  A naga (Lair:3)
  A hell hound (D:9)
  Duvessa (D:7)
  4 water moccasins
  2 sky beasts
  2 black bears
  6 orc warriors
  3 ice beasts
  6 ogres
  3 phantoms
  2 necrophages
  10 centaurs
  4 wolves (Lair:2)
  A big kobold (D:11)
  6 bullfrogs
  Dowan (D:7)
  A water moccasin zombie (D:9)
  A scorpion (D:5)
  11 killer bees
  7 howler monkeys
  10 wights
  A crimson imp (D:5)
  2 lava snakes (D:9)
  A bullfrog zombie (D:11)
  2 centaur zombies
  9 orc priests
  5 jellies
  A quasit (D:9)
  4 centaur skeletons
  6 hounds
  3 bullfrog skeletons
  3 iguanas
  Ijyb (D:4)
  11 orc wizards
  7 worker ants
  3 hound skeletons
  A worker ant zombie (D:5)
  Robin (D:4)
  4 gnolls (D:10)
  17 adders
  2 shadow imps (D:6)
  4 white imps
  An ufetubus (D:9)
  An ooze (D:1)
  2 adder skeletons
  3 worms
  6 dart slugs
  6 leopard geckos
  35 orcs
  8 giant cockroaches
  9 hobgoblins
  11 jackals
  11 kobolds
  5 quokkas
  2 ball pythons
  8 bats
  3 frilled lizards
  19 goblins
  A leopard gecko zombie (D:8)
  11 rats
378 creatures vanquished.

Vanquished Creatures (others)
  A fire vortex (D:9)
  3 fungi
  3 plants
7 creatures vanquished.

Grand Total: 385 creatures vanquished

Table legend: (Time is in decaauts)
 A = Elapsed time spent in this place.
 B = Non-inter-level travel time spent in this place.
 C = Inter-level travel time spent in this place.
 D = Time resting spent in this place.
 E = Time spent auto-exploring this place.
 F = Levels seen in this place.
 G = Mean time per level.
                   A        B        C        D        E       F      G
               +--------+--------+--------+--------+--------+-----+--------+
         Total |  17351 |  15314 |   2037 |   5679 |      0 |  14 | 1239.4 |
       Dungeon |  15386 |  13698 |   1688 |   5154 |      0 |  11 | 1398.7 |
          Lair |   1965 |   1616 |    349 |    525 |      0 |   3 |  655.0 |
               +--------+--------+--------+--------+--------+-----+--------+

Top non-repeatable levels by time:
     D:4: 2066 daAuts
     D:5: 1868 daAuts
     D:1: 1732 daAuts
    D:10: 1651 daAuts
     D:3: 1502 daAuts
     D:9: 1408 daAuts
     D:2: 1359 daAuts
     D:7: 1055 daAuts
     D:8: 1000 daAuts
  Lair:1: 971 daAuts
    D:11: 927 daAuts
     D:6: 815 daAuts
  Lair:2: 798 daAuts
  Lair:3: 195 daAuts

Table legend:
 A = Non-vault XP
 B = Vault XP
 C = Vault XP percentage of total XP
 D = Non-vault monster count
 E = Vault monster count
 F = Vault count percentage of total count
                 A         B        C        D         E       F
            +---------+---------+-------+---------+---------+-------
      Total |   25354 |    9010 |  26.2 |     287 |      91 |  24.1
            +---------+---------+-------+---------+---------+-------
        D:1 |      48 |       0 |   0.0 |      21 |       0 |   0.0
        D:2 |      44 |     304 |  87.4 |      11 |      18 |  62.1
        D:3 |     261 |       6 |   2.2 |      31 |       2 |   6.1
        D:4 |     370 |     116 |  23.9 |      11 |      15 |  57.7
        D:5 |     829 |     177 |  17.6 |      32 |       2 |   5.9
        D:6 |     513 |      11 |   2.1 |      17 |       1 |   5.6
        D:7 |     417 |     531 |  56.0 |      14 |       8 |  36.4
        D:8 |    1479 |     898 |  37.8 |      23 |       9 |  28.1
        D:9 |    1616 |     934 |  36.6 |      28 |       7 |  20.0
       D:10 |    4834 |    4232 |  46.7 |      30 |      22 |  42.3
       D:11 |    6446 |       0 |   0.0 |      35 |       0 |   0.0
     Lair:1 |    4556 |     838 |  15.5 |      16 |       3 |  15.8
     Lair:2 |    2949 |     810 |  21.5 |      17 |       3 |  15.0
     Lair:3 |     992 |     153 |  13.4 |       1 |       1 |  50.0
            +---------+---------+-------+---------+---------+-------
